 Dungeon Crawl Stone Soup version 0.29-a0-653-gd47aff6735 (webtiles) character file.

Game seed: 8967642025415355517

499 DocClef the Summoner (level 7, 0/36 HPs)
             Began as a Tengu Summoner on June 21, 2022.
             Killed by divine providence
             ... invoked by an orc priest
              (12 damage)
             ... on level 4 of the Dungeon.
             The game lasted 00:06:20 (3735 turns).

DocClef the Summoner (Tengu Summoner)               Turns: 3735, Time: 00:06:21

Health: 0/36       AC:  7    Str: 12    XL:     7   Next: 16%
Magic:  9/11       EV: 15    Int: 28    God:
Gold:   357        SH:  0    Dex: 18    Spells: 6/10 levels left

rFire   . . .      SeeInvis .   f - +1 dagger
rCold   . . .      Faith    .   (no shield)
rNeg    . . .      Spirit   .   p - +4 robe of Augmentation {Str+4 Int+4 Dex+4}
rPois   .          Reflect  .   (helmet restricted)
rElec   .          Harm     .   h - +0 cloak
rCorr   .          Rampage  .   (no gloves)
Will    .....                   (boots unavailable)
Stlth   ++........              m - amulet of the acrobat
HPRegen 0.12/turn               g - +6 ring of intelligence
MPRegen 0.12/turn               (no ring)

@: flying quickly and evasively, quick
A: beak, talons 3, nimble flight
a: no special abilities


You were on level 4 of the Dungeon.
You visited 1 branch of the dungeon, and saw 4 of its levels.

You collected 357 gold pieces.

Inventory:

Hand Weapons
 f - a +1 dagger (weapon)
Armour
 h - a +0 cloak (worn)
 p - the +4 robe of Augmentation (worn) {Str+4 Int+4 Dex+4}
   (You found it on level 2 of the Dungeon)

   Str:       It affects your strength (+4).
   Int:       It affects your intelligence (+4).
   Dex:       It affects your dexterity (+4).
 q - an orb of energy
Jewellery
 g - a +6 ring of intelligence (left hand)
 i - a ring of fire
 m - an amulet of the acrobat (around neck)
Wands
 c - a wand of paralysis (5)
Scrolls
 d - a scroll of enchant weapon
 e - a scroll of identify
 j - a scroll of vulnerability {unknown}
 n - a scroll of fear {unknown}
Potions
 a - a potion of mutation {unknown}
 b - a potion of magic
 k - 2 potions of brilliance
 l - 2 potions of heal wounds
 o - a potion of curing {unknown}


   Skills:
 - Level 2.1 Dodging
 - Level 2.0 Stealth
 - Level 2.0 Spellcasting
 + Level 10.0 Summonings


You had 6 spell levels left.
You knew the following spells:

 Your Spells              Type           Power      Damage    Failure   Level
a - Summon Small Mammal   Summ           100%       N/A       1%          1
b - Call Canine Familiar  Summ           56%        N/A       1%          3

Your spell library contained the following spells:

 Spells                   Type           Power      Damage    Failure   Level
 Call Imp                 Summ           56%        N/A       1%          2
 Summon Guardian Golem    Hex/Summ       31%        N/A       3%          3
 Beastly Appendage        Tmut           4%         N/A       9%          1
 Summon Lightning Spire   Summ/Air       31%        N/A       12%         4
 Wereblood                Tmut           2%         N/A       14%         2
 Spider Form              Tmut/Pois      2%         N/A       26%         3


Dungeon Overview and Level Annotations

Branches:
Dungeon (4/15)
 Temple: D:4-7

Altars:
Uskayaw

Shops:
D:3 !(?::   D:4 =


Innate Abilities, Weirdness & Mutations

You have a beak for a mouth.
You have claws for feet.
Your magical nature lets you fly swiftly and evasively.


Message History

Your wolf closely misses the orc priest.
Your wolf bites the orc priest!
The orc priest dies!
The orc hits your wolf with a +0 short sword.
Your Summonings skill increases to level 10!
Casting: Call Canine Familiar (safe; 1% risk of failure)
Confirm with . or Enter, or press ? or * to list all spells.
Your wolf bites the orc.
The orc closely misses you. The orc barely misses your wolf.
Your wolf bites the orc!
The orc dies!
Casting: Summon Small Mammal (safe; 1% risk of failure)
Confirm with . or Enter, or press ? or * to list all spells.
Your wolf bites the orc.
Your quokka closely misses the orc priest.
The orc priest invokes the aid of Beogh against you.
Beogh smites you!
Unknown command.
You are too injured to fight recklessly!
You barely miss the orc.
Your wolf bites the orc but does no damage.
Your bat hits the orc but does no damage.
Your wolf bites the orc!
The orc dies!
Your quokka closely misses the orc priest.
The orc priest misses your bat. The orc priest misses your quokka.
You hit the orc.
The orc is severely wounded.
Your wolf bites the orc!
The orc dies!
Your bat hits the orc priest but does no damage.
Your wolf barely misses the orc priest.
Your bat hits the orc priest but does no damage.
You barely miss the orc priest. You claw the orc priest.
The orc priest is lightly wounded.
Your bat closely misses the orc priest.
Your bat hits the orc priest but does no damage.
Your wolf barely misses the orc priest.
The orc priest invokes the aid of Beogh against you.
Beogh smites you!
You die...

.......... ....#..... ..8..
###...##.# ....## ......##.#
8.>.8 ........ ..# #...##
..>..... .... 8.∩.8# ......#
#....##.r..# )..#
......8ob.8#### # ...#
###..##@h.......# ...#
......!.8######.## ####
###.......# #....
#####...###...## ##......#..#
#.......... # ######
#########...#......#
.....#####...........###....#
####..................†......


You could see an orc priest (ally target), a friendly wolf (summoned), a
friendly quokka (summoned) and a friendly bat (summoned).

Vanquished Creatures
  Grinder (D:3)
  An orc priest (D:4)
  Natasha (D:3)
  2 adders (D:2)
  2 worms
  3 dart slugs
  2 orcs (D:4)
  7 bats
  4 endoplasms
  2 giant cockroaches (D:2)
  6 goblins
  2 hobgoblins
  4 jackals (D:1)
  2 kobolds
  4 quokkas
  2 ball pythons
  5 frilled lizards
  5 rats
55 creatures vanquished.

Vanquished Creatures (collateral kills)
  2 orc priests (D:4)
  Jessica (D:2)
  Natasha (D:3)
  An adder (D:3)
  A dart slug (D:4)
  5 orcs (D:4)
  A ball python (D:4)
  3 endoplasms
  4 giant cockroaches
  3 jackals (D:1)
  A quokka (D:4)
  A rat (D:3)
24 creatures vanquished.

Vanquished Creatures (others)
  A demonic plant (D:1)
  5 fungi (D:1)
  2 plants (D:1)
  4 toadstools (D:1)
12 creatures vanquished.

Grand Total: 91 creatures vanquished

Notes
Turn   | Place    | Note
-------+----------+-------------------------------------------
     0 | D:1      | DocClef the Tengu Summoner began the quest for the Orb.
     0 | D:1      | Reached XP level 1. HP: 10/10 MP: 4/4
    41 | D:1      | Reached skill level 5 in Summonings
    74 | D:1      | Reached XP level 2. HP: 15/15 MP: 6/6
   721 | D:1      | Found a faded altar of an unknown god.
  1100 | D:1      | Reached XP level 3. HP: 14/19 MP: 7/7
  1222 | D:1      | Reached skill level 6 in Summonings
  2058 | D:2      | Found the +4 robe of Augmentation {Str+4 Int+4 Dex+4}
  2091 | D:2      | Identified the +0 scale mail of Quantum Leap {Dex+2}
  2174 | D:2      | Reached XP level 4. HP: 17/24 MP: 8/8
  2402 | D:2      | Learned a level 3 spell: Call Canine Familiar
  2403 | D:2      | Noticed Jessica
  2409 | D:2      | Killed Jessica
  2410 | D:2      | Reached skill level 7 in Summonings
  2718 | D:3      | Found Joso's Book Emporium.
  2877 | D:3      | Noticed Grinder
  2878 | D:3      | Found Zuon Dekh's Magic Scroll Shoppe.
  2887 | D:3      | Killed Grinder
  2888 | D:3      | Reached skill level 9 in Summonings
  2888 | D:3      | Gained mutation: Your magical nature lets you fly swiftly
                  | and evasively. [Tengu growth]
  2888 | D:3      | Reached XP level 5. HP: 20/28 MP: 7/9
  2888 | D:3      | Reached XP level 6. HP: 23/32 MP: 7/10
  2985 | D:3      | Found a hide-covered altar of Uskayaw.
  2994 | D:3      | Found Vuve's Book Boutique.
  3128 | D:3      | Found Jaizid's Antique Weapon Boutique.
  3130 | D:3      | Noticed Natasha
  3138 | D:3      | Killed Natasha
  3192 | D:3      | Found Veduelo's Distillery.
  3257 | D:3      | Noticed Natasha
  3261 | D:3      | Killed Natasha
  3375 | D:4      | Reached XP level 7. HP: 17/36 MP: 9/11
  3724 | D:4      | Found Eqauhu's Jewellery Emporium.
  3731 | D:4      | Reached skill level 10 in Summonings
  3735 | D:4      | Killed from afar by an orc priest

Illustrated notes

Levels and vault maps discovered:
D:1:      saegor_arrival_simple_c, layout_basic, shapermc_ecumenical_altar_gd,
          minmay_gold_behind_fungi
D:2:      layout_rooms, uniq_jessica
D:3:      layout_rooms, nicolae_uskayaw_murder_on_the_dancefloor, serial_shops,
          shop_scrolls, shop, shop, nicolae_shop_window_shopping, shop_coins,
          uniq_natasha, uniq_grinder
D:4:      layout_rooms, serial_shops, nicolae_stop_n_shop_2,
          chequers_serial_rivers_large_a

Skill      XL: |  1  2  3  4  5  6  7 |
---------------+----------------------+-----
Summonings     | 5 6 9 10 | 10.0
Dodging        | |  2.1
Stealth        | |  2.0
Spellcasting   | |  2.0

Action                   |  1- 3 |  4- 6 |  7- 9 || total
-------------------------+-------+-------+-------++-------
Melee: Unarmed           |    38 |       |       ||    38
       Kick              |    22 |    19 |     6 ||    47
       Peck              |    16 |     8 |     2 ||    26
       Dagger            |    58 |    52 |    23 ||   133
       Punch             |     1 |       |       ||     1
 Cast: Summon Small Mamm |    16 |     4 |     2 ||    22
       Call Canine Famil |       |     4 |     1 ||     5
  Use: Scroll            |       |     9 |       ||     9
 Stab: Sleeping          |     4 |     3 |       ||     7
       Distracted        |     2 |       |       ||     2
Armor: Robe              |     9 |     7 |     3 ||    19
       Scale mail        |     7 |     2 |       ||     9
Dodge: Dodged            |    52 |    41 |    15 ||   108

Table legend: (Time is in decaauts)
 A = Elapsed time spent in this place.
 B = Non-inter-level travel time spent in this place.
 C = Inter-level travel time spent in this place.
 D = Time resting spent in this place.
 E = Time spent auto-exploring this place.
 F = Levels seen in this place.
 G = Mean time per level.
                   A        B        C        D        E       F      G
               +--------+--------+--------+--------+--------+-----+--------+
         Total |   3686 |   3622 |     64 |    121 |   2919 |   4 |  921.5 |
       Dungeon |   3686 |   3622 |     64 |    121 |   2919 |   4 |  921.5 |
               +--------+--------+--------+--------+--------+-----+--------+

Top non-repeatable levels by time:
     D:1: 1464 daAuts
     D:2: 1252 daAuts
     D:3: 579 daAuts
     D:4: 390 daAuts
